 Dungeon Crawl Stone Soup version 0.24.0-123-gd5b16e6ec5 (webtiles) character file.

Game seed: 7254679902503911144, levelgen mode: deterministic

69070 Chiseanne the Thaumaturge (level 14, -20/101 HPs)
             Began as a Demonspawn Warper on Jan 9, 2020.
             Was a High Priest of Sif Muna.
             Demolished by a white ugly thing (28 damage)
             ... on level 15 of the Dungeon on Jan 10, 2020.
             The game lasted 01:47:11 (28588 turns).

Chiseanne the Thaumaturge (Demonspawn Warper)      Turns: 28588, Time: 01:47:11

Health: -20/101    AC: 15    Str: 14    XL:     14   Next: 89%
Magic:  0/29       EV: 17    Int: 16    God:    Sif Muna [*****.]
Gold:   1522       SH:  0    Dex: 18    Spells: 8/36 levels left

rFire    + . .     SeeInvis +   H - +8 glaive of the Guard {elec, +Rage AC+5 SInv}
rCold    . . .     Gourm    .   (shield currently unavailable)
rNeg     . . .     Faith    .   d - +1 leather armour {rF+}
rPois    .         Spirit   +   (helmet restricted)
rElec    +         Reflect  .   G - +1 cloak
rCorr    .         Harm     .   (gloves unavailable)
MR       +....                  (boots unavailable)
Stlth    +.........             O - amulet of guardian spirit
HPRegen  1.26/turn              C - +4 ring of protection
MPRegen  0.21/turn              y - ring "Aneowaco" {rElec Dex+4}

@: very slightly contaminated, regenerating
A: antennae 2, claws 3, hooves 3, demonic guardian 1
a: Channel Magic, Forget Spell, Divine Exegesis, Renounce Religion, Evoke
Berserk Rage


You were on level 15 of the Dungeon.
You worshipped Sif Muna.
Sif Muna was extremely pleased with you.
You were not hungry.

You visited 3 branches of the dungeon, and saw 21 of its levels.
You also visited: Ossuary.

You collected 1522 gold pieces.

Inventory:

Hand Weapons
 a - a +5 rapier of speed
 p - a +5 whip of freezing
 s - a +1 dagger of venom
 H - the +8 glaive of the Guard (weapon) {elec, +Rage AC+5 SInv}
   (You found it on level 5 of the Lair of Beasts)

   Occasionally, upon striking a foe, it will discharge some electrical energy
   and cause terrible harm.
   It affects your AC (+5).
   It lets you see invisible.
   It lets you go berserk.
Missiles
 c - 3 silver boomerangs
 e - 25 boomerangs
 h - 46 poisoned darts (quivered)
 i - 209 bolts
 k - 496 stones
 t - 201 sling bullets
 z - 10 atropa-tipped darts
 M - 4 javelins
Armour
 d - a +1 leather armour of fire resistance (worn)
 D - +0 fire dragon scales
 F - a +0 ring mail of cold resistance
 G - a +1 cloak (worn)
 P - a +1 buckler
Magical Staves
 w - an uncursed staff of earth
 T - an uncursed staff of wizardry
Jewellery
 n - an uncursed amulet of regeneration
 r - a cursed ring of teleportation {unknown}
 x - an uncursed ring of fire
 y - the ring "Aneowaco" (right claw) {rElec Dex+4}
   (You found it on level 3 of the Lair of Beasts)

   [ring of dexterity]

   It affects your dexterity (+4).
   It insulates you from electricity.
 C - a +4 ring of protection (left claw)
 O - an amulet of guardian spirit (around neck)
Wands
 A - a wand of digging (9)
 E - a wand of polymorph (8)
 N - a wand of paralysis (11)
 R - a wand of scattershot (3)
 Z - a wand of flame (7)
Scrolls
 b - a scroll of magic mapping
 l - a scroll of immolation
 q - 7 scrolls of amnesia
 I - 7 scrolls of fog
 J - 4 scrolls of identify
 Q - a scroll of fear
 U - a scroll of teleportation
 W - 4 scrolls of remove curse
Potions
 g - 3 potions of lignification
 j - 2 potions of resistance
 o - 2 potions of invisibility
 u - 2 potions of haste
 v - 3 potions of cancellation
 B - 4 potions of mutation
 K - a potion of magic
 L - a potion of brilliance
 S - 2 potions of flight
 V - a potion of curing
 X - a potion of might
Comestibles
 f - 30 rations


   Skills:
 * Level 6.8 Fighting
 - Level 9.9(10.0) Short Blades
   Level 2.3(6.7) Long Blades
 - Level 0.8 Throwing
 - Level 0.8 Armour
 - Level 7.8 Dodging
 * Level 8.8 Shields
 * Level 11.8 Spellcasting
 - Level 7.0 Charms
 - Level 4.5 Summonings
 * Level 9.8 Translocations
 - Level 9.0 Invocations


You had 8 spell levels left.
You knew the following spells:

 Your Spells              Type           Power        Failure   Level  Hunger
a - Blink                 Tloc           N/A          1%          2    None
b - Shroud of Golubria    Chrm/Tloc      #####.       1%          2    None
c - Lesser Beckoning      Tloc           #####.....   1%          3    None
d - Passage of Golubria   Tloc           N/A          1%          4    ###....
e - Gell's Gravitas       Tloc           #####.....   1%          3    None
f - Teleport Other        Tloc           #####...     1%          3    None
g - Regeneration          Chrm/Necr      ###.......   7%          3    None
h - Spectral Weapon       Hex/Chrm       ###.....     7%          3    None
i - Summon Forest         Summ/Tloc      ####......   14%         5    #####..

Your spell library contained the following spells:

 Spells                   Type           Power        Failure   Level  Hunger
 Infusion                 Chrm           ####         1%          1    None
 Song of Slaying          Chrm           ####....     1%          2    None
 Recall                   Summ/Tloc      N/A          1%          3    None
 Swiftness                Chrm/Air       ###.....     3%          2    None
 Ozocubu's Armour         Chrm/Ice       ###.....     7%          3    None
 Corona                   Hex            #......      10%         1    None
 Shock                    Conj/Air       #...         10%         1    None
 Sting                    Conj/Pois      #...         10%         1    None
 Summon Guardian Golem    Hex/Summ       ###.....     11%         3    None
 Force Lance              Conj/Tloc      ####....     12%         4    ###....
 Ensorcelled Hibernation  Hex/Ice        #.....       14%         2    None
 Throw Frost              Conj/Ice       #.....       14%         2    None
 Confuse                  Hex            #.......     28%         3    None
 Dazzling Spray           Conj/Hex       #.....       28%         3    None
 Ignite Poison            Fire/Tmut/Pois #.......     28%         3    None
 Mephitic Cloud           Conj/Pois/Air  #.......     28%         3    None
 Static Discharge         Conj/Air       #.......     28%         3    None
 Tukima's Dance           Hex            #.......     28%         3    None
 Summon Ice Beast         Ice/Summ       ###.....     36%         4    ###....
 Summon Lightning Spire   Summ/Air       ###.....     36%         4    ###....
 Iskenderun's Battlesphe  Conj/Chrm      ###.....     52%         5    #####..
 Airstrike                Air            #.........   67%         4    ###....
 Animate Dead             Necr           N/A          67%         4    ###....
 Cause Fear               Hex            #.........   67%         4    ###....
 Fulminant Prism          Conj/Hex       #.........   67%         4    ###....
 Iskenderun's Mystic Bla  Conj           #.......     67%         4    ###....
 Bolt of Magma            Conj/Fire/Erth #.........   95%         5    #####..
 Fireball                 Conj/Fire      #.........   95%         5    #####..
 Irradiate                Conj/Tmut      #.........   95%         5    #####..
 Lightning Bolt           Conj/Air       #.........   95%         5    #####..
 Silence                  Hex/Air        #.........   95%         5    #####..
 Venom Bolt               Conj/Pois      #.........   95%         5    #####..
 Deflect Missiles         Chrm/Air       ###.......   98%         6    ######.
 Malign Gateway           Summ/Tloc      ####......   99%         7    #######
 Bolt of Cold             Conj/Ice       #.........   100%        6    ######.
 Bolt of Fire             Conj/Fire      #.........   100%        6    ######.
 Conjure Ball Lightning   Conj/Air       #.........   100%        6    ######.
 Freezing Cloud           Conj/Ice/Air   #.........   100%        6    ######.
 Hydra Form               Tmut           #.........   100%        6    ######.
 Iron Shot                Conj/Erth      #.........   100%        6    ######.
 Statue Form              Tmut/Erth      #........    100%        6    ######.
 Dragon Form              Tmut           #.........   100%        7    #######
 Orb of Destruction       Conj           #.........   100%        7    #######
 Ring of Flames           Chrm/Fire      ###.......   100%        7    #######
 Spellforged Servitor     Conj/Summ      ###.......   100%        7    #######
 Ignition                 Fire           #.........   100%        8    #######
 Lehudib's Crystal Spear  Conj/Erth      #.........   100%        8    #######
 Fire Storm               Conj/Fire      #.........   100%        9    #######
 Tornado                  Air            #.........   100%        9    #######


Dungeon Overview and Level Annotations

Branches:
Dungeon (13/15)            Temple (1/1) D:5            Lair (6/6) D:8
  Swamp (0/4) Lair:3        Snake (0/4) Lair:2        Slime (0/5) Lair:6
    Orc (0/2) D:10        Ossuary (visited)
 Vaults: D:13-14

Altars:
Ashenzari
Cheibriados
Elyvilon
Fedhas
Gozag
Kikubaaqudgha
Makhleb
Nemelex Xobeh
Okawaru
Qazlal
Ru
Sif Muna
Trog
Uskayaw
Vehumet
Zin
Jiyva

Shops:
D:8 (   D:10 (

Annotations:
D:6 1 runed translucent door, pustota's ghost, novice MiFi
D:12 2 runed translucent doors
Lair:4 2 transporters, Kuerar's ghost, journeyman BaFi


Innate Abilities, Weirdness & Mutations

You have a pair of antennae on your head.
You have claws for hands.
You have hooves in place of feet.
A weak demonic guardian rushes to your aid.


Message History

Confirm with . or Enter, or press ? or * to list all spells.
You miscast Regeneration.
You are very lightly contaminated with residual magic.
You feel very uncomfortable.
The white ugly thing tail-slaps your white imp!
The white ugly thing freezes your white imp.
Your white imp resists.
Your white imp dies!
Casting: Regeneration (safe; 7% risk of failure)
Confirm with . or Enter, or press ? or * to list all spells.
Your skin crawls.
You slash the white ugly thing! You kick the white ugly thing.
The white ugly thing is lightly wounded.
The white ugly thing tail-slaps you! The white ugly thing freezes you!!
* * * LOW HITPOINT WARNING * * *
Your shroud falls apart!
The white ugly thing tail-slaps you!
* * * LOW HITPOINT WARNING * * *
The white ugly thing freezes you!!
You die...

### ###########
#@## #.........#
##u##
#.........#
##5##
#.........+
##.###.........#
##.##..........
##†#.5......(.
##..5u......#
##.†.......#
#.........#


You could see a white ugly thing and a quasit.

Vanquished Creatures
  Snorg (D:10)
  Josephine (D:9)
  8 hydras
  A catoblepas (Lair:3)
  An alligator (D:10)
  5 two-headed ogres
  2 tengu warriors (D:13)
  5 skeletal warriors
  An unseen horror (D:11)
  Pikel (D:6)
  A deep elf mage (D:13)
  3 ugly things
  3 cyclopes
  A manticore (D:13)
  3 black mambas
  Joseph (D:10)
  A gargoyle (D:11)
  16 spiny frogs
  3 kobold demonologists
  A centaur skeleton (D:13)
  2 komodo dragons
  A rime drake (Lair:5)
  A polar bear (Lair:3)
  4 tyrant leeches (Lair:6)
  2 trolls
  3 slime creatures (D:13)
  9 hippogriffs
  24 blink frogs
  A spriggan (Lair:3)
  5 wraiths
  Sigmund (D:2)
  39 yaks
  A human (D:10)
  A basilisk (Lair:1)
  A wyvern (D:13)
  3 hogs (D:10)
  A steam dragon (D:7)
  15 vampire mosquitoes
  A hungry ghost (D:15)
  A naga (Lair:2)
  A warg (Lair:1)
  2 swamp worms (Lair:3)
  6 water moccasins
  Duvessa (D:7)
  4 orc warriors
  10 porcupines
  4 black bears
  3 sky beasts
  A phantom (D:5)
  4 ice beasts
  A necrophage (D:8)
  21 wolves
  7 ogres
  13 crocodiles
  A centaur (D:10)
  A big kobold (D:11)
  2 elf zombies (Ossuary)
  29 bullfrogs
  Dowan (D:7)
  A wyvern skeleton (D:8)
  A scorpion (D:6)
  A water moccasin skeleton (D:10)
  20 killer bees
  9 wights
  3 howler monkeys (D:11)
  4 electric eels
  2 crimson imps (D:5)
  2 centaur zombies
  3 bullfrog zombies
  9 hounds
  2 jellies
  14 orc wizards
  5 bullfrog skeletons
  A human zombie (Ossuary)
  6 orc priests
  Crazy Yiuf (D:6)
  5 iguanas
  13 worker ants
  2 hound zombies (Ossuary)
  3 mummies (Ossuary)
  Robin (D:3)
  6 gnolls
  3 howler monkey skeletons
  12 adders
  A shadow imp (D:7)
  2 oozes
  3 adder zombies
  An adder skeleton (D:5)
  2 dart slugs
  3 worms
  5 leopard geckos
  51 orcs
  3 giant cockroaches
  12 hobgoblins
  14 jackals
  5 kobolds
  4 quokkas
  2 ball pythons
  9 bats
  5 frilled lizards
  3 gnoll zombies (Ossuary)
  14 goblins
  5 goblin zombies (Ossuary)
  4 hobgoblin zombies (Ossuary)
  3 jackal zombies (Ossuary)
  2 kobold zombies (Ossuary)
  3 orc zombies (Ossuary)
  A quokka skeleton (D:5)
  A quokka zombie (Ossuary)
  13 rats
  3 rat zombies (Ossuary)
  A fungus (D:8)
  2 plants
593 creatures vanquished.

Vanquished Creatures (collateral kills)
  Harold (D:7)
  A two-headed ogre (D:8)
  2 spiny frogs (Lair:6)
  A komodo dragon (Lair:5)
  A slime creature (D:13)
  4 yaks
  A steam dragon (D:7)
  2 water moccasins
  A slave (D:6)
  A black bear (Lair:3)
  An orc warrior (D:9)
  A wolf (Lair:1)
  3 ogres
  A bullfrog (D:7)
  A killer bee (D:9)
  2 wights
  A howler monkey (D:8)
  A bullfrog zombie (D:5)
  2 jellies
  An orc wizard (D:6)
  An iguana (D:7)
  A hound zombie (D:7)
  A gnoll (D:5)
  An adder (D:2)
  A leopard gecko (D:10)
  An orc (D:4)
  A goblin (D:2)
  A jackal (D:4)
  A kobold (D:11)
  A fungus (Lair:6)
  A plant (Lair:6)
40 creatures vanquished.

Vanquished Creatures (others)
  2 yaks (D:8)
  A slave (D:6)
  A black bear (D:8)
  An orc warrior (D:8)
  A bullfrog (D:6)
  2 orc priests (D:6)
  A centaur skeleton (D:6)
  An orc wizard (D:6)
  An adder zombie (D:6)
  A quokka (D:6)
  A bush (Lair:6)
  58 fungi
  102 plants
  16 spectral weapons
189 creatures vanquished.

Grand Total: 822 creatures vanquished

Notes
Turn   | Place    | Note
-------+----------+-------------------------------------------
     0 | D:1      | Chiseanne the Demonspawn Warper began the quest for the
                  | Orb.
     0 | D:1      | Reached XP level 1. HP: 16/16 MP: 3/3
   457 | D:1      | Gained mutation: A weak demonic guardian rushes to your
                  | aid. [demonic ancestry]
   457 | D:1      | Reached XP level 2. HP: 22/22 MP: 5/5
   761 | D:1      | Gained mutation: You have large cloven feet. [demonic
                  | ancestry]
   761 | D:1      | Reached XP level 3. HP: 19/27 MP: 6/6
  1912 | D:2      | Gained mutation: You have sharp fingernails. [demonic
                  | ancestry]
  1912 | D:2      | Reached XP level 4. HP: 28/33 MP: 8/8
  2020 | D:2      | Noticed Sigmund
  2029 | D:2      | Killed Sigmund
  2029 | D:2      | Reached skill level 3 in Spellcasting
  2029 | D:2      | Reached XP level 5. HP: 24/38 MP: 8/10
  2239 | D:3      | Found a bloodstained altar of Trog.
  2746 | D:3      | Noticed Robin
  2747 | D:3      | Reached XP level 6. HP: 44/44 MP: 11/11
  2827 | D:3      | Killed Robin
  3087 | D:3      | Learned a level 2 spell: Blink
  3090 | D:3      | Learned a level 2 spell: Shroud of Golubria
  3094 | D:3      | Learned a level 3 spell: Lesser Beckoning
  4073 | D:4      | Reached skill level 4 in Spellcasting
  4074 | D:4      | Reached skill level 1 in Charms
  4468 | D:4      | Gained mutation: You have very sharp fingernails. [demonic
                  | ancestry]
  4468 | D:4      | Reached XP level 7. HP: 44/50 MP: 13/13
  4610 | D:5      | Entered Level 5 of the Dungeon
  5075 | D:5      | Reached XP level 8. HP: 39/56 MP: 13/15
  5175 | D:5      | Learned a level 4 spell: Passage of Golubria
  5315 | D:5      | Found a staircase to the Ecumenical Temple.
  6106 | D:6      | Noticed Pikel
  6150 | D:6      | Killed Pikel
  6150 | D:6      | Reached skill level 5 in Dodging
  6150 | D:6      | Reached skill level 5 in Spellcasting
  6609 | D:6      | Found a runed translucent door.
  6610 | D:6      | Noticed pustota's ghost (novice MiFi)
  6994 | D:6      | Found a runed translucent door.
  6995 | D:6      | Noticed Crazy Yiuf
  7005 | D:6      | Learned a level 3 spell: Gell's Gravitas
  7024 | D:6      | Killed Crazy Yiuf
  7441 | D:7      | Gained mutation: You have hoof-like feet. [demonic
                  | ancestry]
  7441 | D:7      | Reached XP level 9. HP: 49/61 MP: 17/17
  7873 | D:7      | Reached skill level 5 in Translocations
  7876 | D:7      | Noticed Dowan
  7877 | D:7      | Noticed Duvessa
  7907 | D:7      | Killed Duvessa
  7911 | D:7      | Killed Dowan
  7922 | D:7      | Reached skill level 5 in Short Blades
  8379 | D:7      | Reached skill level 6 in Spellcasting
  8381 | D:7      | Paralysed by an orc for 2 turns
  8800 | D:7      | Noticed Harold
  8833 | D:7      | Killed Harold
  8873 | D:7      | Reached skill level 5 in Charms
  9231 | D:7      | Found a sacrificial altar of Ru.
  9590 | Temple   | Entered the Ecumenical Temple
  9599 | Temple   | Became a worshipper of Sif Muna the Loreminder
  9807 | D:8      | Found a sand-covered staircase.
  9816 | Ossuary  | Entered an ossuary
  9997 | Ossuary  | Reached skill level 1 in Shields
 10016 | Ossuary  | Reached * piety under Sif Muna
 10016 | Ossuary  | Gained mutation: You have a pair of small antennae on your
                  | head. [demonic ancestry]
 10016 | Ossuary  | Reached XP level 10. HP: 67/67 MP: 19/19
 10249 | D:8      | Noticed a two-headed ogre
 10254 | D:8      | Killed a two-headed ogre
 10511 | D:8      | Reached ** piety under Sif Muna
 10743 | D:8      | Found a staircase to the Lair.
 10854 | D:8      | Found Hiurchem's Weapon Emporium.
 11160 | D:8      | Learned a level 3 spell: Teleport Other
 11215 | D:9      | Reached skill level 5 in Shields
 11215 | D:9      | Reached skill level 7 in Spellcasting
 12030 | D:9      | Noticed a two-headed ogre
 12048 | D:9      | Killed a two-headed ogre
 12048 | D:9      | Gained mutation: You have hooves in place of feet. [demonic
                  | ancestry]
 12048 | D:9      | Reached XP level 11. HP: 68/72 MP: 21/21
 12141 | D:10     | Entered Level 10 of the Dungeon
 12153 | D:10     | Noticed Joseph
 12215 | D:10     | Noticed Josephine
 12257 | D:10     | Reached *** piety under Sif Muna
 12273 | D:10     | Killed Joseph
 12387 | D:10     | Noticed Snorg
 12551 | D:10     | Found Maenn's Weapon Shoppe.
 12722 | D:10     | Noticed an eight-headed hydra
 12771 | D:9      | Killed Josephine
 12793 | D:9      | HP: 3/72 [poisoned by Josephine]
 12799 | D:9      | HP: 3/72 [poisoned by Josephine]
 12807 | D:9      | HP: 2/72 [poisoned by Josephine]
 13547 | D:9      | Killed an eight-headed hydra
 13981 | D:10     | Killed Snorg
 13998 | D:10     | Reached skill level 8 in Spellcasting
 14286 | D:10     | Identified Hegaefi's Primer on the Hermit's Heritage
 14293 | D:10     | Learned a level 3 spell: Regeneration
 14370 | D:10     | Found a staircase to the Orcish Mines.
 14387 | D:10     | Reached **** piety under Sif Muna
 15195 | D:10     | Reached skill level 5 in Fighting
 15195 | D:10     | Reached XP level 12. HP: 86/86 MP: 24/24
 15277 | Lair:1   | Entered Level 1 of the Lair of Beasts
 15361 | Lair:1   | Reached skill level 1 in Invocations
 16679 | Lair:2   | Noticed a five-headed hydra
 16696 | Lair:2   | Killed a five-headed hydra
 16696 | Lair:2   | Gained mutation: You have claws for hands. [demonic
                  | ancestry]
 16696 | Lair:2   | Reached XP level 13. HP: 61/91 MP: 16/25
 16881 | Lair:2   | Found a staircase to the Snake Pit.
 17439 | Lair:2   | Reached skill level 5 in Invocations
 17584 | Lair:2   | Reached skill level 9 in Spellcasting
 17627 | Lair:2   | Reached ***** piety under Sif Muna
 18353 | Lair:3   | Identified Sif Muna's Handbook of Boosts and Combat Magic
                  | {god gift} (Sif Muna gifted it to you on level 3 of the
                  | Lair of Beasts)
 18353 | Lair:3   | Received a gift from Sif Muna
 18361 | Lair:3   | Learned a level 3 spell: Spectral Weapon
 19502 | Lair:3   | Got a translucent turquoise ring
 19636 | Lair:3   | Found a staircase to the Swamp.
 20155 | Lair:4   | Found a transporter.
 20155 | Lair:4   | Noticed Kuerar's ghost (journeyman BaFi)
 20478 | Lair:4   | Found a transporter.
 20530 | Lair:4   | Found an iron altar of Okawaru.
 21328 | Lair:5   | Found the +8 glaive of the Guard {elec, +Rage AC+5 SInv}
 21362 | Lair:5   | Reached skill level 10 in Spellcasting
 21747 | Lair:6   | Entered Level 6 of the Lair of Beasts
 22202 | Lair:6   | Found a staircase to the Slime Pits.
 22202 | Lair:6   | Found a viscous altar of Jiyva.
 22434 | Lair:6   | Identified Sif Muna's Grimoire of the Helpful Traveller
                  | {god gift} (Sif Muna gifted it to you on level 6 of the
                  | Lair of Beasts)
 22434 | Lair:6   | Received a gift from Sif Muna
 22473 | Lair:6   | Learned a level 5 spell: Summon Forest
 22547 | Lair:6   | Reached skill level 1 in Summonings
 22565 | Lair:6   | Identified the ring "Aneowaco" {rElec Dex+4} (You found it
                  | on level 3 of the Lair of Beasts)
 22574 | Lair:6   | HP: 1/91 [four-headed hydra (6)]
 23041 | Lair:6   | Gained mutation: You have a pair of antennae on your head.
                  | [demonic ancestry]
 23041 | Lair:6   | Reached XP level 14. HP: 62/98 MP: 9/28
 24292 | Lair:6   | Reached skill level 11 in Spellcasting
 25401 | D:10     | Identified Zor Feadeus's Tome of Weightlessness and
                  | Confrontation {god gift} (Sif Muna gifted it to you on
                  | level 10 of the Dungeon)
 25401 | D:10     | Received a gift from Sif Muna
 26017 | D:11     | Found a sparkling altar of Nemelex Xobeh.
 26367 | D:11     | Found a shimmering blue altar of Sif Muna.
 26386 | D:11     | Identified Sif Muna's Catalogue of Confrontation
 26705 | D:12     | Found a runed translucent door.
 27142 | D:12     | Found a runed translucent door.
 28051 | D:13     | Identified Sif Muna's Primer on the Arcane Arts {god gift}
                  | (Sif Muna gifted it to you on level 13 of the Dungeon)
 28051 | D:13     | Received a gift from Sif Muna
 28514 | D:13     | You fall into a shaft and drop 2 floors!
 28514 | D:15     | Entered Level 15 of the Dungeon
 28588 | D:15     | Demolished by a white ugly thing

Levels and vault maps discovered:
D:1:      roderic_dead_forest, layout_basic, chequers_big_river,
          minmay_pentomino_u4
D:2:      layout_basic, first_ration, grunt_ministairs_9, uniq_sigmund
D:3:      layout_loops_ring, trog_butcher_becter, uniq_robin
D:4:      layout_loops_cross, minmay_close_crescents
D:5:      minmay_thinvault, layout_gridville, minmay_temple_entry_from_below_b,
          hangedman_abyss_or_decor_stagger, hangedman_decor_clover_reticule
D:6:      layout_basic, gammafunk_ghost_grave, lemuel_old_faithful, uniq_pikel,
          uniq_crazy_yiuf_cottage
D:7:      cheibrodos_steamvent, layout_rooms, kennysheep_mini_moat,
          uniq_duvessa, uniq_harold
D:8:      layout_loops_ring, due_lair_maze_entry_diamond,
          chequers_ossuary_entry_cave, serial_shops, shop_fountains
D:9:      layout_small_grid, serial_rivers, chequers_serial_rivers_small_3,
          chequers_serial_rivers_micro_c, chequers_serial_rivers_micro_e,
          chequers_serial_rivers_large_a
D:10:     layout_long_grid, hiddenorc2_lemuel, serial_co_window_serial,
          co_window_corner_a, co_window_paths_b, co_window_corner_a,
          co_window_paths_a, co_window_corner_a, co_window_broadway_c,
          co_window_of_opportunity_b, co_window_broadway_a,
          co_window_unsneaky_path_a, co_window_of_opportunity_b,
          co_window_broadway_c, co_window_2corner, glass_columns_a,
          serial_shops, nicolae_shop_stone, grunt_livestock, st_stairs_1,
          uniq_joseph, uniq_josephine, uniq_snorg
D:11:     layout_rooms, basic_altar, nicolae_two_hexagons, serial_park_tiny_1,
          led_sif_book
D:12:     cheibrodos_histonic, layout_basic, kennysheep_generic_room_16
D:13:     layout_loops_ring, grunt_vaults_entry_fortified
D:15:     grunt_enter_depths_giant_problem, layout_basic, serial_shops,
          bzr_in_the_mist, gauntlet_entry_generic,
          chequers_serial_rivers_micro_c, corexii_hall_statues_i, uniq_nessos,
          uniq_jorgrun
Temple:   dpeg_three_leaves_temple
Lair:1:   beast_lair_carwin_large_4, layout_regular_city
Lair:2:   layout_cave_pods, guppyfry_snake_entry_garden, st_stairs_12,
          serial_bayou_ford_a, beast_lair_carwin_7
Lair:3:   layout_cave_pods, minmay_swamp_entry_worms,
          grunt_forest_stairs_clearing, infiniplex_staircase_pool_2,
          grunt_megastairs_5, lemuel_fruit_tree
Lair:4:   layout_long_grid, basic_altar, gammafunk_ghost_arena,
          grunt_megastairs_1
Lair:5:   layout_layer_cave
Lair:6:   minmay_lair_end_frog_pond, layout_loops_ring, slime_altar_1, pond,
          serial_bayou_shore_b

Skill      XL: |  1  2  3  4  5  6  7  8  9 10 11 12 13 14 |
---------------+-------------------------------------------+-----
Long Blades    | 2 |  2.3
Dodging        | 2 3 4 5 6 7 |  7.8
Short Blades   | 2 3 4 5 6 7 8 9 |  9.9
Spellcasting   | 3 4 5 6 7 8 10 11 | 11.8
Translocations | 3 4 5 6 7 8 9 |  9.8
Charms         | 1 2 3 5 6 7 |  7.0
Shields        | 1 5 7 8 |  8.8
Fighting       | 5 6 |  6.8
Invocations    | 4 9 |  9.0
Summonings     | 2 4 |  4.5
Throwing       | |  0.8
Armour         | |  0.8

Action                   |  1- 3 |  4- 6 |  7- 9 | 10-12 | 13-15 || total
-------------------------+-------+-------+-------+-------+-------++-------
Melee: Falchion          |   102 |       |       |       |       ||   102
       Rapier            |    39 |   218 |   500 |   977 |   829 ||  2563
       Kick              |       |       |       |   159 |   347 ||   506
       Dagger            |       |       |       |     6 |    87 ||    93
       Glaive            |       |       |       |       |   256 ||   256
       Whip              |       |       |       |       |     6 ||     6
Throw: Boomerang         |       |     7 |    56 |    23 |       ||    86
       Dart              |       |     5 |    37 |     5 |    51 ||    98
       Javelin           |       |       |    10 |       |     1 ||    11
       Throwing net      |       |       |     1 |       |       ||     1
 Cast: Blink             |       |       |     7 |       |       ||     7
       Shroud of Golubri |       |       |     1 |     5 |    77 ||    83
       Gell's Gravitas   |       |       |       |     1 |     1 ||     2
       Spectral Weapon   |       |       |       |       |    69 ||    69
       Regeneration      |       |       |       |       |    26 ||    26
       Teleport Other    |       |       |       |       |     3 ||     3
       Summon Forest     |       |       |       |       |     2 ||     2
Evoke: Wand              |       |     1 |    13 |    63 |    32 ||   109
  Use: Scroll            |     6 |     9 |    12 |    13 |    12 ||    52
       Potion            |       |     4 |     1 |     5 |    14 ||    24
 Stab: Sleeping          |       |       |     1 |     1 |     1 ||     3
       Distracted        |       |       |     2 |     1 |    10 ||    13
  Eat: Chunk             |     3 |     8 |    15 |    22 |    25 ||    73
       Ration            |       |       |     1 |       |     5 ||     6
Armor: Leather armour    |    35 |    50 |    38 |       |    36 ||   159
       Steam dragon scal |       |       |    53 |   193 |   248 ||   494
Dodge: Dodged            |   103 |    83 |   239 |   471 |   867 ||  1763
Block: Buckler           |       |       |     9 |   188 |   221 ||   418
       Rpst.: Falchion   |    30 |       |       |       |       ||    30
